 Dungeon Crawl Stone Soup version 0.20-a0-465-g6513c8f (webtiles) character file.

5901 Ijustatesigmund the Thaumaturge (level 10, -4/56 HPs)
             Began as a Deep Elf Wizard on Jan 12, 2017.
             Was a Priest of Cheibriados.
             Killed by divine providence
             ... invoked by an orc priest
              (17 damage)
             ... on level 10 of the Dungeon.
             The game lasted 00:39:15 (12543 turns).

Ijustatesigmund the Thaumaturge (Deep Elf Wizard)  Turns: 12543, Time: 00:39:16

Health: -4/56      AC: 11    Str: 10    XL:     10   Next: 53%
Magic:  4/24       EV: 14    Int: 31    God:    Cheibriados [***...]
Gold:   645        SH:  5    Dex: 21    Spells: 15/26 levels left

rFire  . . .     SeeInvis .     n - +1 short sword
rCold  . . .     Gourm    .     f - +3 leather armour {rPois}
rNeg   . . .     Faith    .     (no shield)
rPois  +         Spirit   .     b - +0 hat
rElec  .         Reflect  +     p - +1 cloak
rCorr  .         Harm     .     (no gloves)
MR     ++...                    j - +2 pair of boots
Stlth  +++.......               C - +5 amulet of reflection
                                s - ring of stealth
                                k - ring of protection from magic

@: about to teleport, very slow
A: no striking features
a: Bend Time, Temporal Distortion, Renounce Religion


You were on level 10 of the Dungeon.
You worshipped Cheibriados.
Cheibriados was most pleased with you.
You were not hungry.

You visited 2 branches of the dungeon, and saw 11 of its levels.
You also visited: Sewer.

You collected 645 gold pieces.

Inventory:

Hand Weapons
 n - a +1 short sword (weapon)
Missiles
 e - 3 silver tomahawks (quivered)
Armour
 b - a +0 hat (worn)
 f - a +3 leather armour of poison resistance (worn)
 j - a +2 pair of boots (worn)
 p - a +1 cloak (worn)
 I - a +0 troll leather armour
Jewellery
 k - a ring of protection from magic (left hand)
 m - an uncursed amulet of faith
 s - a ring of stealth (right hand)
 C - a +5 amulet of reflection (around neck)
Wands
 g - a wand of polymorph (11/24)
 l - a wand of acid (1/15)
 F - a wand of flame (12/48)
 H - a wand of lightning (0/15)
Scrolls
 r - 2 scrolls of amnesia
 t - 4 scrolls of remove curse
 x - a scroll of magic mapping
 y - a scroll of blinking
 E - a scroll of fog
Potions
 a - 3 potions of might
 u - 2 potions of curing
 v - a potion of agility
 w - a potion of brilliance
 z - 2 potions of haste
 A - 3 potions of heal wounds
 B - 2 potions of cure mutation
 D - a potion of flight {unknown}
 G - 2 potions of degeneration {unknown}
Books
 c - a book of Minor Magic

   Spells                             Type                      Level
   a - Magic Dart                     Conjuration                  1
   b - Blink                          Translocation                2
   c - Call Imp                       Summoning                    2
   d - Repel Missiles                 Charms/Air                   2
   e - Slow                           Hexes                        2
   f - Conjure Flame                  Conjuration/Fire             3
   g - Mephitic Cloud                 Conjuration/Poison/Air       3
Comestibles
 d - 5 bread rations
 i - 4 slices of pizza
 o - 4 meat rations
 q - 22 fruits


   Skills:
 - Level 3.6 Fighting
 - Level 2.8 Short Blades
 - Level 4.0 Armour
 + Level 3.7 Dodging
 - Level 2.4 Stealth
 + Level 8.5 Spellcasting
 + Level 7.9 Conjurations
   Level 1.1 Summonings
 - Level 4.6 Translocations
 - Level 4.4 Fire Magic
 - Level 5.7 Air Magic
 - Level 4.1 Poison Magic
 - Level 4.9 Invocations


You had 15 spell levels left.
You knew the following spells:

 Your Spells              Type           Power        Failure   Level  Hunger
a - Magic Dart            Conj           ####         1%          1    None
b - Blink                 Tloc           N/A          1%          2    None
c - Repel Missiles        Chrm/Air       ####..       1%          2    None
d - Conjure Flame         Conj/Fire      ######..     1%          3    None
e - Mephitic Cloud        Conj/Pois/Air  ######..     1%          3    None


Dungeon Overview and Level Annotations

Branches:
Dungeon (10/15)            Temple (1/1) D:7            Lair (0/6) D:8
    Orc: D:9-12

Altars:
Cheibriados
Elyvilon
Sif Muna
Vehumet
Xom
The Shining One

Shops:
D:7 *


Message History

Aiming: Lightning Bolt (will waste charges)
Press: ? - help, Shift-Dir - straight line, p - orc priest Nothing appears to happen.
Evoke which item? (* to show all) (? for menu, Esc to quit)
Aiming: Corrosive Bolt
Press: ? - help, Shift-Dir - straight line, f - orc warrior
Aim: an orc warrior, wielding a war axe and wearing a plate armour The bolt of acid hits the orc priest.
The orc priest is splashed with acid.
The orc priest is almost dead.
This wand has 1 charge left.
The hornet stings you! The orc priest barely misses you. The hornet misses you.
As you read the scroll of teleportation, it crumbles to dust.
You feel strangely unstable. The orc priest hits you with a club.
* * * LOW HITPOINT WARNING * * *
The hornet stings you but does no damage.
The orc priest looks satisfied for a moment.
The hornet barely misses you.
The orc priest calls down the wrath of Beogh upon you.
Beogh smites you!
You die...

#........# #........# .
####.....# Y[ #.....# ..Y
#.....# ....##### #.....#
........# #....)#
..Y.....##############.....###
...............@yooo.........#
..................o........y.#
..............########.......#
..............# #.......#
..............# #|...>..#
..............# #.......#
#########.....# #.......#
####### #.......# #########


You could see a hornet, an orc warrior, an orc priest and 2 orcs.

Vanquished Creatures
  3 two-headed ogres
  A queen bee (D:10)
  3 hippogriffs
  Purgy (Sewer)
  A phantom (D:5)
  2 ice beasts (D:8)
  3 sky beasts
  5 ogres
  2 centaurs
  2 big kobolds
  4 bullfrogs
  3 scorpions
  4 killer bees (D:10)
  7 howler monkeys
  3 crimson imps
  A centaur skeleton (D:4)
  2 orc priests
  5 hounds
  A jelly (D:6)
  5 orc wizards
  4 worker ants
  2 hound skeletons
  3 worker ant zombies
  5 gnolls (D:8)
  A howler monkey skeleton (D:8)
  12 adders
  5 shadow imps
  An ooze (D:3)
  An adder zombie (D:9)
  2 dart slugs
  7 leopard geckos
  31 orcs
  6 giant cockroaches
  4 goblins
  7 hobgoblins
  16 jackals
  6 quokkas
  A ball python (Sewer)
  6 bats
  13 frilled lizards
  A jackal skeleton (D:6)
  15 kobolds
  A quokka skeleton (D:7)
  2 quokka zombies
  7 rats
217 creatures vanquished.

Vanquished Creatures (others)
  A scorpion (D:9)
1 creature vanquished.

Grand Total: 218 creatures vanquished

Notes
Turn   | Place    | Note
-------+----------+-------------------------------------------
     0 | D:1      | Ijustatesigmund the Deep Elf Wizard began the quest for the Orb.
     0 | D:1      | Reached XP level 1. HP: 10/10 MP: 7/7
   767 | D:2      | Reached XP level 2. HP: 15/15 MP: 1/9
  1164 | D:2      | Learned a level 2 spell: Blink
  1167 | D:2      | Learned a level 2 spell: Repel Missiles
  1255 | D:2      | Reached XP level 3. HP: 19/19 MP: 5/10
  1373 | D:2      | Reached skill level 1 in Short Blades
  1642 | D:3      | Noticed a sky beast
  1986 | D:3      | Reached XP level 4. HP: 17/24 MP: 0/12
  2102 | D:3      | Learned a level 3 spell: Conjure Flame
  2750 | D:3      | HP: 1/24 [something (6)]
  2754 | D:3      | Killed a sky beast
  2754 | D:3      | Reached XP level 5. HP: 6/28 MP: 0/13
  3667 | D:4      | Reached skill level 5 in Conjurations
  3667 | D:4      | Reached XP level 6. HP: 23/32 MP: 7/14
  4635 | D:5      | Entered Level 5 of the Dungeon
  5141 | D:5      | Reached XP level 7. HP: 31/36 MP: 3/15
  5416 | D:5      | Learned a level 3 spell: Mephitic Cloud
  6334 | D:6      | Reached skill level 1 in Armour
  6334 | D:6      | Reached skill level 5 in Spellcasting
  6340 | D:6      | Found a glowing drain.
  6388 | Sewer    | Entered a sewer
  6515 | Sewer    | Noticed Purgy
  6527 | Sewer    | Killed Purgy
  6931 | D:6      | Reached skill level 6 in Spellcasting
  7069 | D:7      | Reached XP level 8. HP: 31/41 MP: 5/19
  7167 | D:7      | Found Xistroath's Elemental Accessories.
  7167 | D:7      | Noticed a hippogriff
  7180 | D:7      | Killed a hippogriff
  7180 | D:7      | Reached skill level 1 in Air Magic
  7349 | D:7      | Noticed a hippogriff
  7360 | D:7      | Killed a hippogriff
  7759 | D:7      | Found a staircase to the Ecumenical Temple.
  7767 | Temple   | Entered the Ecumenical Temple
  7774 | Temple   | Became a worshipper of Cheibriados the Contemplative
  8085 | D:7      | Reached skill level 1 in Invocations
  8496 | D:8      | Found a staircase to the Lair.
  8611 | D:8      | Reached skill level 1 in Fighting
  8640 | D:8      | Reached XP level 9. HP: 47/47 MP: 14/20
  8688 | D:8      | Reached * piety under Cheibriados
  8732 | D:8      | Reached skill level 1 in Fire Magic
  9490 | D:8      | Noticed a two-headed ogre
  9501 | D:8      | Killed a two-headed ogre
  9501 | D:8      | Reached skill level 5 in Air Magic
 10029 | D:9      | Noticed a two-headed ogre
 10400 | D:9      | Killed a two-headed ogre
 10400 | D:9      | Reached XP level 10. HP: 40/56 MP: 10/21
 10527 | D:9      | Reached ** piety under Cheibriados
 10764 | D:9      | Found a radiant altar of Vehumet.
 10764 | D:9      | Found a white marble altar of Elyvilon.
 10767 | D:9      | Found a shimmering altar of Xom.
 10768 | D:9      | Noticed a two-headed ogre
 10788 | D:9      | Killed a two-headed ogre
 10788 | D:9      | Reached skill level 7 in Spellcasting
 10945 | D:9      | Found a glowing golden altar of the Shining One.
 11865 | D:10     | Entered Level 10 of the Dungeon
 11934 | D:10     | Reached skill level 8 in Spellcasting
 12537 | D:10     | Reached *** piety under Cheibriados
 12543 | D:10     | Killed from afar by an orc priest

Vault maps used:
D:1:      roderic_crop_circles_arrival_small, serial_forest,
          infiniplex_forest_join, infiniplex_forest_zigzag_2,
          infiniplex_forest_lined_ring, infiniplex_forest_lined_room_2,
          infiniplex_forest_lined_4_way, infiniplex_forest_end_3,
          kennysheep_nondescript
D:2:      minmay_split_cup_small
D:3:      corexii_shack_village
D:4:      first_bread
D:6:      gup_sewer_entry_glass, grunt_decor_fettered
D:7:      nicolae_elemental_shop
D:8:      lair_entry_dummy
D:9:      grunt_temple_overflow_open, blue_anna_alchemist
D:10:     minmay_three_doors
Temple:   minmay_crystal_spiral_temple
Sewer:    sewer_co_purgy_island

Skill      XL: |  1  2  3  4  5  6  7  8  9 10 |
---------------+-------------------------------+-----
Conjurations   | 2 3 4 5 6 7 |  7.9
Short Blades   | 1 2 |  2.8
Translocations | 2 4 |  4.6
Armour         | 2 4 |  4.0
Spellcasting   | 6 8 |  8.5
Air Magic      | 4 5 |  5.7
Poison Magic   | 4 |  4.1
Invocations    | 1 4 |  4.9
Fighting       | 1 3 |  3.6
Fire Magic     | 4 |  4.4
Dodging        | 3 |  3.7
Stealth        | |  2.4
Summonings     | |  1.1

Action                   |  1- 3 |  4- 6 |  7- 9 | 10-12 || total
-------------------------+-------+-------+-------+-------++-------
Melee: Short sword       |    29 |     7 |    18 |    14 ||    68
       Dagger            |       |     2 |    39 |       ||    41
 Cast: Magic Dart        |    98 |   137 |   333 |   161 ||   729
       Repel Missiles    |     1 |       |     1 |       ||     2
       Conjure Flame     |       |     2 |    10 |       ||    12
       Mephitic Cloud    |       |       |    12 |    12 ||    24
       Blink             |       |       |     2 |     1 ||     3
Evoke: Wand              |       |       |     9 |     9 ||    18
  Use: Scroll            |     5 |       |    19 |     6 ||    30
       Potion            |       |     1 |     1 |       ||     2
 Stab: Invisible         |       |       |     2 |       ||     2
       Sleeping          |       |       |     1 |     1 ||     2
       Confused          |       |       |       |     1 ||     1
  Eat: Chunk             |     2 |     4 |     5 |       ||    11
       Beef jerky        |     1 |     1 |     1 |       ||     3
       Fruit             |       |     4 |     4 |     2 ||    10
       Pizza             |       |       |     3 |       ||     3
Armor: Robe              |    17 |     8 |       |       ||    25
       Leather armour    |       |       |    38 |    13 ||    51
Dodge: Dodged            |    61 |    21 |    78 |    31 ||   191
       Deflected         |       |       |     5 |       ||     5
Block: Other             |       |       |     8 |    14 ||    22
       Reflection        |       |       |     2 |       ||     2
